 Dungeon Crawl Stone Soup version 0.29.1-12-g30fa7ad0bf (webtiles) character file.

Game seed: 5562428031074233515

4893 booth the Zephyrmancer (level 10, -7/77 HPs)
             Began as a Pale Draconian Air Elementalist on Dec 28, 2022.
             Was an Elder of Zin.
             Mangled by a two-headed ogre
             ... wielding a +0 dire flail
              (18 damage)
             ... on level 7 of the Dungeon on Dec 29, 2022.
             The game lasted 01:30:57 (9251 turns).

booth the Zephyrmancer (DrAE)                       Turns: 9251, Time: 01:30:58

Health: -7/77      AC: 13    Str: 11    XL:     10   Next: 26%
Magic:  17/17      EV: 13    Int: 22    God:    Zin [****..]
Gold:   298        SH:  4    Dex: 13    Spells: 3/19 levels left

rFire   . . .      SeeInvis .   v - +7 hand axe of Compound Interest {flame, Int+4}
rCold   . . .      Faith    .   y - +0 buckler
rNeg    + . .      Spirit   .   (body armour unavailable)
rPois   .          Reflect  .   (helmet restricted)
rElec   .          Harm     .   x - +2 cloak
rCorr   .          Rampage  .   (no gloves)
Will    .....                   C - +2 pair of boots
Stlth   +++.......              (no amulet)
HPRegen 0.22/turn               e - ring of positive energy
MPRegen 0.15/turn               (no ring)

@: on recite cooldown
A: breathe steam, AC +7, unfitting armour, cold-blooded, steam resistance
a: Breathe Steam, Renounce Religion, Recite, Vitalisation, Imprison, Donate Gold


You were on level 7 of the Dungeon.
You worshipped Zin.
Zin was greatly pleased with you.
You visited 2 branches of the dungeon, and saw 9 of its levels.

You collected 437 gold pieces.
You donated 139 gold pieces to Zin.

Inventory:

Hand Weapons
 f - a +0 short sword
 k - a +2 war axe
 m - the +6 dagger of Fortitude {vorpal, Int+4 SInv}
   (You took it off a goblin on level 2 of the Dungeon)

   It inflicts extra damage upon your enemies.
   Int:       It affects your intelligence (+4).
   SInv:      It lets you see invisible.
 r - a +0 quarterstaff
 v - the +7 hand axe of Compound Interest (weapon) {flame, Int+4}
   (You found it on level 7 of the Dungeon)

   It burns those it strikes, dealing additional fire damage.
   Big, fiery blades are also staple armaments of hydra-hunters.
   Int:       It affects your intelligence (+4).
 E - a +2 antimagic flail
 G - a +5 mace
Missiles
 i - 4 boomerangs
 p - 4 poisoned darts
 q - 6 javelins
Armour
 x - a +2 cloak (worn)
 y - a +0 buckler (worn)
 C - a +2 pair of boots (worn)
Jewellery
 e - a ring of positive energy (left hand)
Wands
 j - a wand of roots (9)
 l - a wand of paralysis (11)
 D - a wand of acid (10)
 H - a wand of flame (9)
Scrolls
 d - 2 scrolls of poison
 g - a scroll of enchant armour
 B - 2 scrolls of identify
 F - a scroll of butterflies
Potions
 a - a potion of magic
 c - 3 potions of curing
 h - a potion of might
 o - 2 potions of haste
 s - 3 potions of ambrosia {unknown}
 t - a potion of mutation {unknown}
 u - a potion of invisibility
 w - 3 potions of lignification {unknown}
 z - 2 potions of cancellation {unknown}
 A - a potion of attraction {unknown}


   Skills:
 + Level 3.3 Fighting
 + Level 3.4 Short Blades
 + Level 2.9 Axes
 + Level 1.3 Throwing
 + Level 4.3 Dodging
 + Level 4.3 Stealth
 + Level 1.2 Shields
 + Level 5.2 Spellcasting
 + Level 4.7 Conjurations
 * Level 5.3 Summonings
 - Level 1.0 Transmutations
 * Level 9.1 Air Magic
 + Level 3.1 Invocations


You had 3 spell levels left.
You knew the following spells:

 Your Spells              Type           Power      Damage    Failure   Level
a - Shock                 Conj/Air       100%       1d9       1%          1
b - Static Discharge      Conj/Air       36%        3-8/arc   1%          2
c - Swiftness             Air            45%        N/A       1%          3
d - Summon Guardian Gole  Hex/Summ       17%        N/A       13%         3
e - Call Canine Familiar  Summ           29%        N/A       4%          3
f - Airstrike             Air            22%        2d(4-20)  3%          4

Your spell library contained the following spells:

 Spells                   Type           Power      Damage    Failure   Level
 Summon Small Mammal      Summ           100%       N/A       1%          1
 Beastly Appendage        Tmut           20%        N/A       9%          1
 Slow                     Hex            20%        N/A       13%         1
 Wereblood                Tmut           10%        N/A       13%         2
 Confusing Touch          Hex            5%         N/A       36%         3
 Vampiric Draining        Necr           5%         2d6       36%         3
 Leda's Liquefaction      Hex/Erth       2%         N/A       78%         4
 Yara's Violent Unravell  Hex/Tmut       4%         3d4       96%         5
 Lee's Rapid Deconstruct  Erth           2%         3d6*      98%         5
 Statue Form              Tmut/Erth      5%         N/A       100%        6
 Necromutation            Tmut/Necr      4%         N/A       100%        8


Dungeon Overview and Level Annotations

Branches:
Dungeon (8/15)             Temple (1/1) D:7
   Lair: D:8-11

Altars:
Cheibriados
Makhleb
Trog
Uskayaw
Vehumet
Wu Jian
Zin

Shops:
D:3 (   D:8 (


Innate Abilities, Weirdness & Mutations

You can breathe blasts of scalding, opaque steam.
Your pale cyan-grey scales are hard. (AC +7)
You cannot fit into any form of body armour.
You are cold-blooded and may be slowed by cold attacks.
You are immune to the effects of steam.


Message History

4 stones; a +0 club
Aiming: Breathe Steam (1% risk of failure)
Press: ? - help, Shift-Dir - straight line, f/p - two-headed ogre
Aim: a two-headed ogre, wielding a +0 dire flail and a +0 giant club (moderately wounded, 88% to hit)
You exhale a blast of scalding steam.
The ball of steam hits the two-headed ogre!
The two-headed ogre is heavily wounded.
The two-headed ogre is engulfed in a cloud of scalding steam.
The two-headed ogre is engulfed in a cloud of scalding steam.
Things that are here:
a +0 dagger; a +0 robe; a +0 dagger You have got your breath back.
You see here a +0 flail.
Activating: Recite (1% risk of failure)
Press: ? - help, Dir - look around, f - activate You clear your throat and prepare to recite. "In a great set of silver scales are weighed the..."
The two-headed ogre hits you but does no damage.
The two-headed ogre hits you with a +0 giant club!!
You hit the two-headed ogre but do no damage.
You tail-slap the two-headed ogre.
The two-headed ogre is heavily wounded. "...souls of the unbelievers, and with their disloyal..."
The two-headed ogre barely misses you. The two-headed ogre closely misses you.
You slash the two-headed ogre! You burn the two-headed ogre.
The two-headed ogre is severely wounded. "...ways, the balance hath tipped against them!"
You finish reciting Apostates 11:37.
The two-headed ogre hits you with a +0 dire flail.
The two-headed ogre hits you with a +0 giant club!
* * * LOW HITPOINT WARNING * * *
Aiming: Corrosive Bolt
Press: ? - help, Shift-Dir - straight line, f - two-headed ogre
Aim: a two-headed ogre, wielding a +0 dire flail and a +0 giant club (severely wounded, 86% to hit)
The bolt of acid hits the two-headed ogre!
The acid corrodes the two-headed ogre!
The two-headed ogre is almost dead.
The two-headed ogre attacks as you move away!
The two-headed ogre hits you with a +0 dire flail!!
You die...

#################
#....)..........#
#####
#.#############.#
#..[. #.# #.# #.###
#.# #.# #.# #.# #@#
#.# #.# ##### #O#
######.###
##.#######...# #)#
#.........
.............# #(#
#.#####.##
.#.#######...#
#.#######.# #.# .#.#
##.####.........# #.#
.#.# #.###.....####.#
#.# .#.#
#......⌠.......#####.#
.#.#
####......####..).>..#


You could see a two-headed ogre (corroded).

Vanquished Creatures
  Amaemon (D:7)
  Maurice (D:8)
  An orange demon (D:8)
  Prince Ribbit (D:8)
  A yak (D:6)
  A steam dragon (D:6)
  3 water moccasins (D:7)
  Duvessa (D:5)
  3 orc warriors
  2 ice beasts
  2 sky beasts
  A black bear (D:6)
  4 ogres
  A centaur (D:6)
  2 bullfrogs (D:7)
  4 scorpions
  4 wights (D:7)
  Dowan (D:5)
  3 killer bees (D:8)
  3 howler monkeys (D:8)
  A crimson imp (D:7)
  2 jellies (D:7)
  2 gnoll boudas
  6 hounds
  Ijyb (D:5)
  An iguana (D:5)
  7 orc wizards
  7 gnolls
  6 adders
  A shadow imp (D:8)
  2 ufetubi
  3 worms
  4 dart slugs
  34 orcs
  8 bats
  6 endoplasms
  7 giant cockroaches
  11 goblins
  6 hobgoblins
  4 jackals (D:3)
  2 quokkas
  9 ball pythons
  3 frilled lizards
  3 kobolds
  10 rats
186 creatures vanquished.

Vanquished Creatures (others)
  9 plants (D:2)
  9 withered plants (D:2)
18 creatures vanquished.

Grand Total: 204 creatures vanquished

Notes
Turn   | Place    | Note
-------+----------+-------------------------------------------
     0 | D:1      | booth the Draconian Air Elementalist began the quest for
                  | the Orb.
     0 | D:1      | Reached XP level 1. HP: 14/14 MP: 3/3
   219 | D:1      | Reached XP level 2. HP: 19/20 MP: 1/5
   651 | D:1      | Learned a level 2 spell: Static Discharge
   944 | D:1      | Reached XP level 3. HP: 26/26 MP: 6/6
  1219 | D:2      | Got Yploptol's Tractate on Shapes
  1234 | D:2      | Learned a level 3 spell: Swiftness
  1638 | D:2      | Identified the +6 dagger of Fortitude {vorpal, Int+4 SInv}
  1859 | D:2      | Found a faded altar of an unknown god.
  1869 | D:2      | Reached XP level 4. HP: 31/33 MP: 1/7
  1871 | D:2      | Learned a level 1 spell: Beastly Appendage
  1913 | D:2      | Prayed at the altar of an unknown god.
  1913 | D:2      | Became a worshipper of Zin the Law-Giver
  1913 | D:2      | Reached * piety under Zin
  1913 | D:2      | Reached ** piety under Zin
  2032 | D:2      | Reached skill level 1 in Transmutations
  2213 | D:3      | Reached skill level 4 in Air Magic
  2343 | D:3      | Found a hide-covered altar of Uskayaw.
  2967 | D:3      | Reached XP level 5. HP: 38/38 MP: 8/8
  3069 | D:3      | Found Kaesch's Weapon Shop.
  3429 | D:4      | Found a radiant altar of Vehumet.
  3479 | D:4      | Reached skill level 1 in Short Blades
  3479 | D:4      | Reached XP level 6. HP: 35/46 MP: 1/10
  3483 | D:4      | Learned a level 3 spell: Call Canine Familiar
  3795 | D:4      | Reached skill level 1 in Invocations
  3946 | D:4      | Reached skill level 5 in Air Magic
  3964 | D:4      | Reached *** piety under Zin
  4278 | D:5      | Entered Level 5 of the Dungeon
  4346 | D:5      | Noticed Ijyb
  4355 | D:5      | Killed Ijyb
  4356 | D:5      | Reached skill level 1 in Fighting
  4471 | D:5      | Your scales start taking on a pale cyan-grey colour.
  4471 | D:5      | Reached XP level 7. HP: 50/52 MP: 7/11
  4471 | D:5      | Gained mutation: You are immune to the effects of steam.
                  | [Pale Draconian growth]
  4944 | D:5      | Reached skill level 1 in Summonings
  4944 | D:5      | Reached skill level 6 in Air Magic
  5060 | D:5      | Noticed Duvessa
  5072 | D:5      | Noticed Dowan
  5077 | D:5      | Donated 96 gold pieces to Zin
  5085 | D:5      | Killed Duvessa
  5097 | D:5      | Killed Dowan
  5645 | D:6      | Reached XP level 8. HP: 59/59 MP: 10/13
  5735 | D:6      | Reached skill level 1 in Throwing
  5967 | D:6      | Learned a level 4 spell: Airstrike
  6051 | D:6      | You fall into a shaft and drop 2 floors!
  6135 | D:7      | Found a staircase to the Ecumenical Temple.
  6346 | D:6      | Reached skill level 7 in Air Magic
  6575 | D:6      | Reached XP level 9. HP: 67/67 MP: 11/15
  6924 | D:7      | Reached **** piety under Zin
  6928 | D:7      | Found an ornate altar of the Wu Jian Council.
  7236 | D:7      | Learned a level 3 spell: Summon Guardian Golem
  7319 | D:7      | Found a snail-covered altar of Cheibriados.
  7369 | D:7      | Reached skill level 8 in Air Magic
  7870 | D:7      | Noticed a moth of wrath
  7872 | D:7      | Found a bloodstained altar of Trog.
  7915 | D:7      | Identified the +7 hand axe of Compound Interest {flame,
                  | Int+4}
  8264 | D:7      | Found a burning altar of Makhleb.
  8339 | D:8      | Noticed Amaemon
  8345 | D:8      | Noticed an orange demon
  8400 | D:8      | Found Lauga's Weapon Shop.
  8409 | D:8      | Killed an orange demon
  8410 | D:8      | Reached skill level 1 in Axes
  8410 | D:8      | Reached skill level 1 in Shields
  8410 | D:8      | Reached skill level 5 in Spellcasting
  8418 | D:8      | Noticed Maurice
  8430 | D:7      | Killed Amaemon
  8431 | D:7      | Reached XP level 10. HP: 28/75 MP: 11/17
  8682 | D:8      | Reached skill level 5 in Summonings
  8689 | D:8      | Noticed Prince Ribbit
  8692 | D:8      | Killed Maurice
  8696 | D:8      | Reached skill level 9 in Air Magic
  8706 | D:8      | Killed Prince Ribbit
  8953 | D:8      | Noticed a two-headed ogre
  8999 | D:7      | Zin protects you from harm!
  9036 | Temple   | Entered the Ecumenical Temple
  9251 | D:7      | Mangled by a two-headed ogre

Illustrated notes

Levels and vault maps discovered:
D:1:      dpeg_arrival_boxorama, layout_basic, minmay_pentomino_r4
D:2:      layout_rooms, shapermc_ecumenical_altar_flowoftime
D:3:      layout_loops_ring, mainiacjoe_overflow_tiny_flanked, serial_shops,
          shop, nrook_mini_backslash, ebering_dispersal_statue_hall,
          grunt_ministairs_15
D:4:      layout_cave_pods, vehumet_crystals
D:5:      layout_cave_pods, hangedman_abyss_or_decor_passed, uniq_duvessa,
          uniq_ijyb
D:6:      layout_loops_corners, st_stairs_7, chequers_garden,
          kennysheep_generic_room_6
D:7:      layout_loops_ring, kennysheep_mini, tgw_trog,
          nzn_wu_jian_contemplation, makhleb_grotto_becter, temple_fountains
D:8:      layout_rooms, lemuel_zombie_altar_kikubaaqudgha,
          yredelemnul_altar_generic, mainiacjoe_overflow_alcove_1, serial_shops,
          nicolae_stop_n_shop_1, enter_bailey_3, serial_rivers,
          chequers_serial_rivers_room_a, chequers_serial_rivers_small_b,
          chequers_serial_rivers_micro_e, chequers_serial_rivers_marsh,
          chequers_serial_rivers_room_b, kennysheep_generic_room_11,
          uniq_amaemon, uniq_prince_ribbit1, uniq_maurice
Temple:   nicolae_temple_bog_church

Skill      XL: |  1  2  3  4  5  6  7  8  9 10 |
---------------+-------------------------------+-----
Stealth        | 2 3 4 |  4.3
Conjurations   | 2 3 4 |  4.7
Transmutations | 1 |  1.0
Air Magic      | 4 5 6 7 8 9 |  9.1
Dodging        | 2 3 4 |  4.3
Short Blades   | 1 2 3 |  3.4
Spellcasting   | 3 4 5 |  5.2
Invocations    | 1 2 3 |  3.1
Fighting       | 1 2 3 |  3.3
Summonings     | 1 3 4 5 |  5.3
Throwing       | 1 |  1.3
Axes           | 2 |  2.9
Shields        | 1 |  1.2

Action                   |  1- 3 |  4- 6 |  7- 9 | 10-12 || total
-------------------------+-------+-------+-------+-------++-------
Melee: Unarmed           |     6 |       |       |       ||     6
       Tailslap          |     4 |     8 |    21 |     2 ||    35
       Hand axe          |    30 |       |    41 |    36 ||   107
       Short sword       |     6 |       |       |       ||     6
       Dagger            |     1 |    98 |   128 |       ||   227
Throw: Boomerang         |       |     4 |     8 |       ||    12
       Javelin           |       |     2 |       |       ||     2
 Cast: Shock             |    52 |    48 |   111 |    15 ||   226
       Static Discharge  |     3 |       |       |       ||     3
       Call Canine Famil |       |       |     1 |       ||     1
       Airstrike         |       |       |     1 |       ||     1
Invok: Recite            |       |     5 |     4 |     1 ||    10
       Vitalisation      |       |       |     3 |       ||     3
       Donate Gold       |       |       |     1 |       ||     1
 Abil: Breathe Steam     |       |       |     4 |     3 ||     7
Evoke: Wand              |       |       |     1 |     4 ||     5
  Use: Scroll            |     3 |     5 |    11 |     1 ||    20
       Potion            |       |       |     1 |     2 ||     3
 Stab: Sleeping          |       |     3 |     2 |       ||     5
Armor: Skin              |    19 |    32 |    89 |    28 ||   168
Dodge: Dodged            |    51 |    73 |   108 |    42 ||   274
Block: Buckler           |       |       |    18 |    15 ||    33
